 Dungeon Crawl Stone Soup version 0.31-a0-1074-g0b22e4e0f1 (webtiles) character file.

Game seed: 6254330371582074347

583 MachoJfn the Poker (level 7, 0/52 HPs)
             Began as a Demonspawn Gladiator on Nov 27, 2023.
             Was a Priest of Uskayaw.
             Succumbed to Duvessa's poison
             ... on level 4 of the Dungeon on Nov 28, 2023.
             The game lasted 00:12:14 (3518 turns).

MachoJfn the Poker (Demonspawn Gladiator)           Turns: 3518, Time: 00:12:14

Health: 0/52       AC: 10    Str: 16    XL:     7   Next: 14%
Magic:  7/7        EV:  4    Int:  9    God:    Uskayaw [***...]
Gold:   324        SH: 22    Dex: 15    Spells: 6/6 levels left

rFire   + . .        a - +1 trident
rCold   + . .        g - +5 tower shield of Epaleqop {-Cast rC+ Will+}
rNeg    . . .        j - +0 chain mail
rPois   .            (helmet restricted)
rElec   .            t - scarf {repulsion}
rCorr   .            (no gloves)
SInv    .            (no boots)
Will    +....        b - amulet of reflection Stlth
                     f - ring of protection from fire
HPRegen 0.28/turn    (no ring)
MPRegen 0.10/turn

%: no spellcasting, repel missiles, reflection
@: lethally poisoned (0 -> -6), on berserk cooldown, slowed, very slow
A: horns 1, molten scales 1, demonic guardian 1, spiny 1
a: Renounce Religion, Stomp, Line Pass


You were on level 4 of the Dungeon.
You worshipped Uskayaw.
Uskayaw was noncommittal.
You visited 1 branch of the dungeon, and saw 4 of its levels.

You collected 324 gold pieces.

Inventory:

Hand Weapons
 a - a +1 trident (weapon)
Missiles
 d - 3 throwing nets
 e - a javelin
 i - 33 stones
 n - 2 poisoned darts
Armour
 c - a +0 helmet
 g - the +5 tower shield of Epaleqop (worn) {-Cast rC+ Will+}
   (You acquired it on level 3 of the Dungeon)

   rC+:       It protects you from cold.
   Will+:     It increases your willpower.
   -Cast:     It prevents spellcasting.
 j - a +0 chain mail (worn)
 t - a scarf of repulsion (worn)
Magical Staves
 k - a staff of earth
Jewellery
 b - an amulet of reflection (around neck)
 f - a ring of protection from fire (left hand)
Wands
 p - a wand of quicksilver (10)
Scrolls
 h - 6 scrolls of identify
 m - a scroll of noise
Potions
 l - a potion of magic (quivered) {unknown}
 o - a potion of mutation
 s - a potion of enlightenment


   Skills:
 + Level 3.3 Fighting
 + Level 4.8 Polearms
 - Level 1.7 Throwing
 + Level 2.6 Armour
 + Level 3.6 Dodging
 + Level 1.1 Stealth
 + Level 2.7 Shields


You had 6 spell levels left.
You didn't know any spells.
Your spell library contained the following spells:

 Spells                   Type           Power      Damage    Failure   Level
 Ensorcelled Hibernation  Hex/Ice        0%         N/A       100%        2
 Passwall                 Tmut/Erth      0%         N/A       100%        2
 Inner Flame              Hex/Fire       0%         N/A       100%        3
 Swiftness                Air            0%         N/A       100%        3
 Yara's Violent Unravell  Hex/Tmut       0%         3d3       100%        5
 Enfeeble                 Hex            0%         N/A       100%        7


Dungeon Overview and Level Annotations

Branches:
Dungeon (4/15)
 Temple: D:4-7

Altars:
Uskayaw

Shops:
D:2 =


Innate Abilities, Weirdness & Mutations

You have a pair of small horns on your head.
You are partially covered in molten scales. (AC +2)
A weak demonic guardian rushes to your aid.
You are partially covered in sharp spines.


Message History

Reach: a) +1 trident
Press: ? - help, Dir - move target, f/p - orc
Aim: an orc, wielding a +0 short sword (severely wounded, about 38% to evade your +1 trident)
You closely miss the orc.
The orc is severely wounded.
* * * LOW HITPOINT WARNING * * *
You feel very sick. The orc hits you but does no damage.
You block the orc's attack.
Reach: a) +1 trident
Press: ? - help, Dir - move target, f/p - orc
Aim: an orc, wielding a +0 short sword (severely wounded, about 38% to evade your +1 trident)
You puncture the orc!
You kill the orc!
* * * LOW HITPOINT WARNING * * *
You feel very sick. The orc completely misses you.
Uskayaw will force your foes to helplessly watch your dance.
Uskayaw prepares the audience for your solo!
Reach: a) +1 trident
Press: ? - help, Dir - move target, f - orc
Aim: an orc, wielding a +0 hand axe and wearing a +0 chain mail (paralysed, about 2% to evade your +1 trident)
The helpless orc fails to defend itself.
You puncture the orc!
You kill the orc!
* * * LOW HITPOINT WARNING * * *
You feel very sick.
There is a lethal amount of poison in your body!
There is a lethal amount of poison in your body!
There is a lethal amount of poison in your body!
There is a lethal amount of poison in your body!
There is a lethal amount of poison in your body!
* * * LOW HITPOINT WARNING * * *
You feel sick.
You feel a strong urge to attack something.
* * * LOW HITPOINT WARNING * * *
You feel sick.
You are no longer berserk.
You are exhausted.
You feel yourself slow down.
You die...

...........##..###......
.## #....#....##......
... #......##.......##
.... ##...)....#.......#
#....#.........#...#...#
#....#....#.......######
..........#....#.##
##....)))...####.#
##....@...## ###
##.........# ##..#...###
### ####


There were no monsters in sight!

Vanquished Creatures
  Grinder (D:3)
  Duvessa (D:4)
  An ice beast (D:3)
  Ijyb (D:4)
  An orc wizard (D:3)
  Robin (D:4)
  2 adders (D:3)
  2 worms
  4 dart slugs
  9 orcs
  10 bats
  7 endoplasms
  3 giant cockroaches
  14 goblins
  8 hobgoblins
  6 quokkas
  7 ball pythons
  2 frilled lizards (D:1)
  5 kobolds
  11 rats
96 creatures vanquished.

Vanquished Creatures (others)
  A kobold (D:1)
1 creature vanquished.

Grand Total: 97 creatures vanquished

Notes
Turn   | Place    | Note
-------+----------+-------------------------------------------
     0 | D:1      | MachoJfn the Demonspawn Gladiator began the quest for the
                  | Orb.
     0 | D:1      | Reached XP level 1. HP: 16/16 MP: 1/1
    58 | D:1      | Found a faded altar of an unknown god.
   109 | D:1      | Reached skill level 3 in Polearms
   159 | D:1      | Gained mutation: You are partially covered in molten
                  | scales. (AC +2) [demonic ancestry]
   159 | D:1      | Reached XP level 2. HP: 22/22 MP: 2/2
   168 | D:1      | Prayed at the altar of an unknown god.
   168 | D:1      | Became a worshipper of Uskayaw the Reveller
   168 | D:1      | Reached * piety under Uskayaw
   339 | D:1      | Reached ** piety under Uskayaw
   345 | D:1      | Reached *** piety under Uskayaw
   648 | D:1      | Reached XP level 3. HP: 25/27 MP: 3/3
  1348 | D:2      | Found Dutzefur's Jewellery Shoppe.
  2228 | D:3      | Reached XP level 4. HP: 32/34 MP: 4/4
  2410 | D:3      | Reached skill level 1 in Armour
  2821 | D:4      | Noticed Grinder
  2821 | D:4      | Paralysed by Grinder for 4 turns
  2828 | D:4      | Paralysed by Grinder for 2 turns
  2829 | D:4      | Noticed an ice beast
  2831 | D:4      | Paralysed by Grinder for 5 turns
  2991 | D:3      | Killed an ice beast
  2992 | D:3      | Reached skill level 4 in Polearms
  2992 | D:3      | Reached skill level 1 in Shields
  2992 | D:3      | Gained mutation: You have a pair of small horns on your
                  | head. [demonic ancestry]
  2992 | D:3      | Reached XP level 5. HP: 9/40 MP: 2/5
  3054 | D:3      | Identified a scroll of acquirement
  3054 | D:3      | Acquired the +5 tower shield of Epaleqop {-Cast rC+ Will+}
  3303 | D:3      | Killed Grinder
  3304 | D:3      | Gained mutation: You are partially covered in sharp spines.
                  | [demonic ancestry]
  3304 | D:3      | Reached XP level 6. HP: 26/47 MP: 2/6
  3399 | D:4      | Noticed Robin
  3411 | D:4      | Killed Robin
  3478 | D:4      | Noticed Ijyb
  3490 | D:4      | Killed Ijyb
  3491 | D:4      | Reached skill level 1 in Stealth
  3492 | D:4      | Noticed Duvessa
  3511 | D:4      | Killed Duvessa
  3512 | D:4      | Gained mutation: A weak demonic guardian rushes to your
                  | aid. [demonic ancestry]
  3512 | D:4      | Reached XP level 7. HP: 17/52 MP: 7/7
  3515 | D:4      | HP: 3/78 [poisoned by Duvessa]
  3517 | D:4      | HP: 1/78 [poisoned by Duvessa]
  3518 | D:4      | Succumbed to Duvessa's poison

Illustrated notes

Levels and vault maps discovered:
D:1:      tarquinn_simple_flora_water_d, layout_loops_corners,
          nicolae_ecumenical_snake_handling, minmay_rat_gold_closets
D:2:      layout_loops_corners, serial_shops, shop_coins, minmay_tetromino_o2
D:3:      layout_basic
D:4:      layout_cave_pools, overflow_temple_1_default, uniq_duvessa,
          uniq_grinder, uniq_robin, uniq_crazy_yiuf_cottage, uniq_ijyb

Skill      XL: |  1  2  3  4  5  6 |
---------------+-------------------+-----
Polearms       | 3 4 |  4.8
Dodging        | 3 |  3.6
Armour         | 1 2 |  2.6
Shields        | 1 2 |  2.7
Fighting       | 3 |  3.3
Stealth        | 1 |  1.1
Throwing       | |  1.7

Action                     |  1- 3 |  4- 6 |  7- 9 || total
---------------------------+-------+-------+-------++-------
  Melee: Trident           |   157 |   137 |     4 ||   298
         Punch             |     1 |       |       ||     1
         Headbutt          |       |    11 |       ||    11
 Invoke: Stomp             |     1 |     5 |       ||     6
    Use: Potion            |       |     3 |       ||     3
         Scroll            |       |     7 |       ||     7
   Stab: Sleeping          |     1 |       |       ||     1
         Paralysed         |       |     2 |     1 ||     3
         Distracted        |       |     1 |       ||     1
 Armour: Leather armour    |    55 |       |       ||    55
         Chain mail        |    37 |   167 |     1 ||   205
  Dodge: Dodged            |   118 |    55 |     1 ||   174
         Repelled          |       |     1 |       ||     1
  Block: Other             |    11 |    38 |       ||    49
         Reflection        |     3 |     3 |       ||     6
         Tower shield      |       |    85 |     3 ||    88

Table legend: (Time is in decaauts)
 A = Elapsed time spent in this place.
 B = Non-inter-level travel time spent in this place.
 C = Inter-level travel time spent in this place.
 D = Time resting spent in this place.
 E = Time spent auto-exploring this place.
 F = Levels seen in this place.
 G = Mean time per level.
                   A        B        C        D        E       F      G
               +--------+--------+--------+--------+--------+-----+--------+
         Total |   3573 |   3422 |    151 |    440 |   2195 |   4 |  893.2 |
       Dungeon |   3573 |   3422 |    151 |    440 |   2195 |   4 |  893.2 |
               +--------+--------+--------+--------+--------+-----+--------+

Top non-repeatable levels by time:
     D:3: 1213 daAuts
     D:1: 1168 daAuts
     D:2: 949 daAuts
     D:4: 242 daAuts
